 Dungeon Crawl Stone Soup version 0.27-a0-1137-g3ef0f4ec91 (webtiles) character file.

Game seed: 15750468837374603117

396 Zeld the Shield-Bearer (level 6, -3/43 HPs)
             Began as an Octopode Fighter on May 6, 2021.
             Slain by a phantom (10 damage)
             ... on level 3 of the Dungeon.
             The game lasted 00:06:37 (3623 turns).

Zeld the Shield-Bearer (Octopode Fighter)           Turns: 3623, Time: 00:06:38

Health: -3/43      AC:  1    Str: 18    XL:     6   Next: 82%
Magic:  6/6        EV: 11    Int: 10    God:
Gold:   114        SH:  9    Dex: 11    Spells: 5/5 levels left

rFire    . . .     SeeInvis .   a - +0 war axe
rCold    . . .     Faith    .   b - +0 kite shield
rNeg     . . .     Spirit   .   (helmet restricted)
rPois    .         Reflect  .   (no amulet)
rElec    .         Harm     .   (no ring)
rCorr    .         Rampage  .   (no ring)
Will     .....                  (no ring)
Stlth    ++........             (no ring)
HPRegen  0.14/turn              (no ring)
MPRegen  0.10/turn              (no ring)
                                (no ring)
                                (no ring)

@: no status effects
A: almost no armour, amphibious, 8 rings, camouflage 1, gelatinous body 1,
(nimble swimmer 1), tentacles
a: no special abilities


You were on level 3 of the Dungeon.
You visited 1 branch of the dungeon, and saw 4 of its levels.

You collected 114 gold pieces.

Inventory:

Hand Weapons
 a - a +0 war axe (weapon)
Missiles
 p - 29 poisoned darts (quivered)
Armour
 b - a +0 kite shield (worn)
Scrolls
 d - 4 scrolls of fear {unknown}
 e - a scroll of vulnerability {unknown}
 f - a scroll of acquirement {unknown}
 j - 3 scrolls of fog {unknown}
 k - a scroll of teleportation {unknown}
 l - a scroll of enchant weapon {unknown}
 n - a scroll of amnesia {unknown}
 o - a scroll of identify {unknown}
 q - a scroll of holy word {unknown}
 r - a scroll of noise {unknown}
Potions
 g - 3 potions of haste {unknown}
 h - a potion of cancellation {unknown}
 i - a potion of lignification {unknown}
 m - a potion of degeneration {unknown}


   Skills:
 - Level 4.2 Fighting
 - Level 3.6 Axes
 * Level 3.8 Throwing
 - Level 3.0 Dodging
 - Level 4.3 Shields


You had 5 spell levels left.
You didn't know any spells.
Your spell library was empty.

Dungeon Overview and Level Annotations

Branches:
Dungeon (4/15)
 Temple: D:4-7

Altars:


Innate Abilities, Weirdness & Mutations

You cannot wear most types of armour.
You are amphibious.
You can wear up to eight rings at the same time.
Your skin changes colour to match your surroundings (Stealth+).
Your rubbery body absorbs attacks. (AC +1, EV +1)
((You are camouflaged near water. (Stealth+)))
You have tentacles for arms and can constrict up to eight enemies at once.


Message History

The phantom is heavily damaged.
You block the phantom's attack. The phantom hits you.
Press: ? - help, v - describe, . - travel
Here: a phantom (heavily damaged)
The floor.
You hit the phantom but do no damage. Your squeeze misses the phantom.
The phantom is heavily damaged.
You block the phantom's attack.
Unknown command.
Your shield prevents you from hitting the phantom.
The phantom is heavily damaged.
The phantom hits you.
* * * LOW HITPOINT WARNING * * *
The phantom hits you.
* * * LOW HITPOINT WARNING * * *
You block the phantom's attack. The phantom barely misses you.
You miss the phantom. You squeeze the phantom!
The phantom is moderately damaged.
The phantom hits you!
* * * LOW HITPOINT WARNING * * *
The phantom blinks!
You blink.
The phantom hits you.
* * * LOW HITPOINT WARNING * * *
The phantom blinks!
You blink.
What are your orders? t - Shout!
Orders for allies: a - Attack new target. r - Retreat! s - Stop attacking. g - Guard the area. f - Follow me.
Anything else - Cancel.
Okay, then.
What are your orders? t - Shout!
Orders for allies: a - Attack new target. r - Retreat! s - Stop attacking. g - Guard the area. f - Follow me.
Anything else - Cancel.
Okay, then.
The phantom hits you!
You die...

..###.#....#..........# #..
........#####.........# ###
.[..)#............##### ######
#..#....#..##.#......# ##.....
#.####........##.....# ##......
.......####....#.....#####.......
#.########..##...................
#.# #####..............###.......
#.###...>.######@....### #.......
......#..## #.W....# #..†....
..####..## #......## ##......
.#####.## #..#....# ##.....
.###...# ##......# ######
.....### ###....# ###### #....#
#....# #....#


You could see a phantom.

Vanquished Creatures
  Sigmund (D:4)
  A howler monkey (D:3)
  A bullfrog skeleton (D:2)
  An iguana (D:3)
  7 adders
  A worm (D:2)
  A dart slug (D:1)
  An orc (D:3)
  2 endoplasms (D:2)
  A giant cockroach (D:3)
  8 goblins
  7 hobgoblins
  3 jackals (D:1)
  5 kobolds
  6 quokkas
  9 ball pythons
  7 bats
  5 frilled lizards
  10 rats
77 creatures vanquished.

Notes
Turn   | Place    | Note
-------+----------+-------------------------------------------
     0 | D:1      | Zeld the Octopode Fighter began the quest for the Orb.
     0 | D:1      | Reached XP level 1. HP: 16/16 MP: 1/1
   182 | D:1      | Found a faded altar of an unknown god.
   201 | D:1      | Reached XP level 2. HP: 13/21 MP: 2/2
   791 | D:1      | Reached XP level 3. HP: 22/26 MP: 3/3
  1526 | D:2      | Reached XP level 4. HP: 32/32 MP: 4/4
  1805 | D:2      | Reached XP level 5. HP: 30/37 MP: 5/5
  3305 | D:4      | Noticed Sigmund
  3309 | D:4      | Killed Sigmund
  3310 | D:4      | Reached XP level 6. HP: 35/43 MP: 6/6
  3623 | D:3      | Slain by a phantom

Illustrated notes

Levels and vault maps discovered:
D:1:      moated_graveyard_arrival, layout_basic,
          hellmonk_ecumenical_altar_heavens_door, due_unseen_surprise
D:2:      minmay_angry_zag, layout_loops_ring, minmay_quadrilaterals
D:3:      layout_rooms
D:4:      layout_rooms, uniq_crazy_yiuf_cottage, uniq_sigmund

Skill      XL: |  1  2  3  4  5 |
---------------+----------------+-----
Axes           | 3 |  3.6
Fighting       | 4 |  4.2
Shields        | 4 |  4.3
Throwing       | 3 |  3.8
Dodging        | |  3.0

Action                   |  1- 3 |  4- 6 || total
-------------------------+-------+-------++-------
Melee: War axe           |    61 |    68 ||   129
       Constrict         |    14 |    15 ||    29
       Tentacles         |     9 |    16 ||    25
  Use: Potion            |       |     1 ||     1
 Stab: Sleeping          |     5 |     8 ||    13
       Distracted        |     1 |     1 ||     2
Armor: Skin              |     3 |     1 ||     4
Dodge: Dodged            |    27 |    26 ||    53
Block: Kite shield       |    34 |    32 ||    66

Table legend: (Time is in decaauts)
 A = Elapsed time spent in this place.
 B = Non-inter-level travel time spent in this place.
 C = Inter-level travel time spent in this place.
 D = Time resting spent in this place.
 E = Time spent auto-exploring this place.
 F = Levels seen in this place.
 G = Mean time per level.
                   A        B        C        D        E       F      G
               +--------+--------+--------+--------+--------+-----+--------+
         Total |   3699 |   3585 |    114 |    153 |   2839 |   4 |  924.8 |
       Dungeon |   3699 |   3585 |    114 |    153 |   2839 |   4 |  924.8 |
               +--------+--------+--------+--------+--------+-----+--------+

Top non-repeatable levels by time:
     D:2: 1343 daAuts
     D:1: 1152 daAuts
     D:3: 1082 daAuts
     D:4: 121 daAuts
